 Dungeon Crawl Stone Soup version 0.29-a0-559-g359e09b9d1 (console) character file.

Game seed: 2006155665755809497

452 om the Changer (level 6, -9/43 HPs)
             Began as a Demonspawn Transmuter on June 9, 2022.
             Killed from afar by a steam dragon (11 damage)
             ... with a ball of steam
             ... on level 3 of the Dungeon.
             The game lasted 00:06:20 (3021 turns).

om the Changer (Demonspawn Transmuter)              Turns: 3021, Time: 00:06:22

Health: -9/43      AC:  4    Str: 13    XL:     6   Next: 75%
Magic:  8/9        EV: 12    Int: 20    God:
Gold:   232        SH:  0    Dex: 13    Spells: 4/10 levels left

rFire   . . .      SeeInvis +     - Unarmed
rCold   . . .      Faith    .   (no shield)
rNeg    . . .      Spirit   .   l - +2 robe {Archmagi}
rPois   .          Reflect  .   (helmet currently unavailable)
rElec   .          Harm     .   (no cloak)
rCorr   .          Rampage  .   (no gloves)
Will    .....      Archmagi +   (boots currently unavailable)
Stlth   +.........              (no amulet)
HPRegen 0.14/turn               f - ring of see invisible
MPRegen 0.11/turn               d - +6 ring of intelligence

@: appendages (expiring), wereblooded, attractive
A: talons 2, antennae 2, demonic magic 1
a: End Transformation


You were on level 3 of the Dungeon.
You had temporarily grown beastly talons.
You visited 1 branch of the dungeon, and saw 3 of its levels.

You collected 232 gold pieces.

Inventory:

Armour
 l - a +2 robe of the Archmagi (worn)
Jewellery
 d - a +6 ring of intelligence (right hand)
 f - a ring of see invisible (left hand)
 i - a ring of flight
Scrolls
 h - a scroll of teleportation
Potions
 a - 2 potions of resistance {unknown}
 b - a potion of degeneration {unknown}
 c - a potion of curing {unknown}
 e - a potion of heal wounds {unknown}
 g - a potion of magic {unknown}
 j - 2 potions of flight {unknown}
 k - 2 potions of haste
 m - 2 potions of brilliance {unknown}
 n - 2 potions of attraction
 o - a potion of might {unknown}


   Skills:
 - Level 1.0 Fighting
 - Level 3.0 Dodging
 * Level 4.4 Unarmed Combat
 + Level 2.6 Spellcasting
 * Level 4.7 Transmutations


You had 4 spell levels left.
You knew the following spells:

 Your Spells              Type           Power      Damage    Failure   Level
a - Beastly Appendage     Tmut           64%        N/A       2%          1
b - Wereblood             Tmut           32%        N/A       3%          2
c - Spider Form           Tmut/Pois      18%        N/A       17%         3

Your spell library contained the following spells:

 Spells                   Type           Power      Damage    Failure   Level
 Static Discharge         Conj/Air       3%         N/A       22%         2
 Sublimation of Blood     Necr           3%         N/A       22%         2
 Ice Form                 Ice/Tmut       18%        N/A       50%         4
 Petrify                  Tmut/Erth      18%        N/A       50%         4
 Dispel Undead            Necr           3%         3d7       83%         4
 Sticky Flame             Conj/Fire      3%         2d3       83%         4
 Irradiate                Conj/Tmut      9%         3d16      83%         5


Dungeon Overview and Level Annotations

Branches:
Dungeon (3/15)

Altars:


Innate Abilities, Weirdness & Mutations

You have temporarily grown beastly talons.
You have a pair of antennae on your head.
Spells you cast may paralyse adjacent enemies.


Message History

The gnoll is lightly wounded.
The gnoll completely misses you.
You hit the gnoll.
The gnoll is heavily wounded.
The gnoll hits you with a +0 flail.
You punch the gnoll!
You feel a bit better.
You kill the gnoll!
You hit the steam dragon.
You claw the steam dragon, but do no damage.
The steam dragon is lightly wounded.
You howl as the wereblood boils in your veins!
The steam dragon breathes steam at you. The ball of steam hits you!!
Ouch! That really hurt!
You closely miss the steam dragon.
The steam dragon is lightly wounded.
You are engulfed in a cloud of scalding steam.
* * * LOW HITPOINT WARNING * * *
Your transformation is almost over.
The steam dragon misses you. The steam dragon closely misses you.
Unknown command.
You hit the steam dragon. Your kick misses the steam dragon.
The steam dragon is moderately wounded.
You are engulfed in a cloud of scalding steam.
The steam dragon bites you but does no damage.
The steam dragon claws you but does no damage.
Unknown command.
You closely miss the steam dragon. You claw the steam dragon.
The steam dragon is moderately wounded.
You are engulfed in a cloud of scalding steam.
* * * LOW HITPOINT WARNING * * *
The steam dragon closely misses you. The steam dragon barely misses you.
Unknown command.
It was a potion of attraction.
You feel attractive to monsters.
You are engulfed in a cloud of scalding steam.
* * * LOW HITPOINT WARNING * * *
The steam dragon breathes steam at you. The ball of steam hits you!
You die...

#.#.############.#
### #.#.# #.# ....
..#.# #.# ... #.#.#
#.##.# #.#.# #....#
..#.############..###
###...............#
##########.###.#
#.@D..# #)###.# #..{
#.. #... #.## #.# #.


You could see a steam dragon (catching breath).

Vanquished Creatures
  Grinder (D:3)
  Sigmund (D:2)
  A gnoll (D:3)
  2 adders
  A worm (D:3)
  A dart slug (D:3)
  An orc (D:3)
  5 endoplasms
  A giant cockroach (D:2)
  5 goblins
  4 hobgoblins
  A jackal (D:3)
  6 ball pythons
  8 bats
  11 frilled lizards
  4 kobolds
  4 rats
57 creatures vanquished.

Notes
Turn   | Place    | Note
-------+----------+-------------------------------------------
     0 | D:1      | om the Demonspawn Transmuter began the quest for the Orb.
     0 | D:1      | Reached XP level 1. HP: 15/15 MP: 3/3
   473 | D:1      | Lost mutation: You have a pair of horns on your head.
                  | [demonic ancestry]
   473 | D:1      | Lost mutation: You have a pair of small horns on your head.
                  | [demonic ancestry]
   473 | D:1      | Gained mutation: You have a pair of small antennae on your
                  | head. [demonic ancestry]
   473 | D:1      | Reached XP level 2. HP: 17/21 MP: 3/5
  1405 | D:2      | Learned a level 2 spell: Wereblood
  1643 | D:2      | Noticed Sigmund
  1655 | D:2      | Killed Sigmund
  1656 | D:2      | Gained mutation: Spells you cast may paralyse adjacent
                  | enemies. [demonic ancestry]
  1656 | D:2      | Reached XP level 3. HP: 26/26 MP: 6/6
  1656 | D:2      | Gained mutation: You have a pair of antennae on your head.
                  | [demonic ancestry]
  1656 | D:2      | Reached XP level 4. HP: 32/32 MP: 7/7
  1656 | D:2      | Reached XP level 5. HP: 37/37 MP: 8/8
  1948 | D:2      | Learned a level 3 spell: Spider Form
  2408 | D:3      | Noticed Grinder
  2558 | D:3      | Paralysed by Grinder for 4 turns
  2563 | D:3      | HP: 1/55 [Grinder (3)]
  2565 | D:3      | Killed Grinder
  2566 | D:3      | Reached XP level 6. HP: 2/43 MP: 7/9
  2999 | D:3      | Noticed a steam dragon
  3021 | D:3      | HP: 2/43 [steam dragon] (5)]
  3021 | D:3      | Killed from afar by a steam dragon

Illustrated notes

Levels and vault maps discovered:
D:1:      dpeg_arrival_triangle_fractal, layout_rooms
D:2:      layout_basic, grunt_decor_cap, minmay_lizard_pond, uniq_sigmund
D:3:      layout_loops_ring, minmay_quantized, uniq_grinder

Skill      XL: |  1  2  3  4  5 |
---------------+----------------+-----
Transmutations | 2 3 4 |  4.7
Dodging        | 2 3 |  3.0
Unarmed Combat | 3 4 |  4.4
Fighting       | |  1.0
Spellcasting   | |  2.6

Action                   |  1- 3 |  4- 6 || total
-------------------------+-------+-------++-------
Melee: Unarmed           |    73 |    84 ||   157
       Kick              |    13 |    10 ||    23
       Punch             |     2 |     1 ||     3
 Cast: Beastly Appendage |    31 |    10 ||    41
       Spider Form       |       |     3 ||     3
       Wereblood         |       |     1 ||     1
  Use: Scroll            |     6 |       ||     6
       Potion            |     1 |     3 ||     4
Armor: Robe              |    11 |    23 ||    34
       Skin              |    11 |       ||    11
Dodge: Dodged            |    36 |    59 ||    95

Table legend: (Time is in decaauts)
 A = Elapsed time spent in this place.
 B = Non-inter-level travel time spent in this place.
 C = Inter-level travel time spent in this place.
 D = Time resting spent in this place.
 E = Time spent auto-exploring this place.
 F = Levels seen in this place.
 G = Mean time per level.
                   A        B        C        D        E       F      G
               +--------+--------+--------+--------+--------+-----+--------+
         Total |   2991 |   2898 |     93 |    453 |   1950 |   3 |  997.0 |
       Dungeon |   2991 |   2898 |     93 |    453 |   1950 |   3 |  997.0 |
               +--------+--------+--------+--------+--------+-----+--------+

Top non-repeatable levels by time:
     D:2: 1150 daAuts
     D:1: 1044 daAuts
     D:3: 796 daAuts
